 Dungeon Sprint DCSS version 0.17-a0-1397-g0eee0a3 (webtiles) character file.

261 Kidiri the Covert (level 5, -7/24 HPs)
             Began as a Spriggan Enchanter on June 17, 2015.
             Mangled by a siren
             ... wielding a +0 spear
              (17 damage)
             ... in the Dungeon (Sprint II: "The Violet Keep of Menkaure").
             The game lasted 00:01:14 (51 turns).

Kidiri the Covert (Spriggan Enchanter)                Turns: 51, Time: 00:01:14

Health: -7/24      AC:  3    Str:  4    XL:     5   Next: 96%
Magic:  8/15       EV: 22    Int: 17    God:
Gold:   243        SH:  0    Dex: 17    Spells: 5 memorised, 6 levels left

rFire  . . .     SeeInvis +     a - +1 dagger
rCold  . . .     Clarity  .     b - +1 robe
rNeg   . . .     SustAt   .     (shield restricted)
rPois  .         Gourm    .     (helmet restricted)
rElec  .         Spirit   .     (no cloak)
rCorr  .         Warding  .     (gloves unavailable)
rMut   .         NoTele   +     (boots unavailable)
MR     .....                    (no amulet)
Stlth  +++++.....               (no ring)
                                (no ring)

@: very quick, not resistant to hostile enchantments, quite stealthy
A: unfitting armour, see invisible, herbivore 3, speed 3, slow metabolism 2
a: no special abilities


You were in the Dungeon.
You were not hungry.

You visited 1 branch You collected 243 gold pieces.

Inventory:

Hand weapons
 a - a +1 dagger (weapon)
Armour
 b - a +1 robe (worn)
Scrolls
 j - a scroll of blinking
Potions
 e - a potion of curing
 f - a potion of heal wounds
 g - a potion of haste
 h - 2 potions of magic
 i - a potion of berserk rage
Books
 c - a book of Maledictions

   Spells                             Type                      Level
   a - Corona                         Hexes                        1
   b - Ensorcelled Hibernation        Hexes/Ice                    2
   c - Confuse                        Hexes                        3
   d - Tukima's Dance                 Hexes                        3
   e - Dazzling Spray                 Conjuration/Hexes            3
Comestibles
 d - a bread ration


   Skills:
 * Level 6.3 Short Blades
 + Level 6.6 Dodging
 * Level 10.0 Stealth
 * Level 7.3 Spellcasting
 + Level 2.1 Conjurations
 + Level 6.0 Hexes
 + Level 2.1 Ice Magic


You had 6 spell levels left.
You knew the following spells:

 Your Spells              Type           Power        Failure   Level  Hunger
a - Corona                Hex            ####...      1%          1    None
b - Ensorcelled Hibernat  Hex/Ice        ###...       3%          2    None
c - Confuse               Hex            ####....     3%          3    ##.....
d - Tukima's Dance        Hex            ####....     3%          3    ##.....
e - Dazzling Spray        Conj/Hex       ###.....     10%         3    ##.....


Dungeon Overview and Level Annotations

Branches:
Dungeon (1/1)

Altars:


Innate Abilities, Weirdness & Mutations

You are tiny and cannot use many weapons and most armour.
You have supernaturally acute eyesight.
You are a herbivore.
You cover ground extremely quickly.
You need consume almost no food.


Message History

The siren shouts!
The siren chants a haunting song.
You easily resist.
There is an open door here.
Cast which spell? (? or * to list)
Aiming: Ensorcelled Hibernation
Press: ? - help, Shift-Dir - straight line, f - siren
Aim: a siren, wielding a spear (chance to defeat MR: 18%)
The siren resists with almost no effort.
The siren hits you with a spear!
Ouch! That really hurt!
Casting: Ensorcelled Hibernation
Confirm with . or Enter, or press ? or * to list all spells.
Aiming: Ensorcelled Hibernation
Press: ? - help, Shift-Dir - straight line, f/p - siren
Aim: a siren, wielding a spear (chance to defeat MR: 18%)
The siren resists with almost no effort.
The siren hits you with a spear!
Ouch! That really hurt!
You die...

## ## ##.
.## #..#..#
# #.m.# #
#H #@# n##
#.##.##.n.#
#+.<.+$#
#.##.##.n.#
#H ##+# n##
# ##.#### #
#.##..#
##...##
##+##


You could see a siren.

Vanquished Creatures
  4 brain worms (D)
4 creatures vanquished.

Notes
Turn   | Place    | Note
--------------------------------------------------------------
     0 | D        | Kidiri the Spriggan Enchanter began the quest for the Orb.
     0 | D        | Reached XP level 1. HP: 9/9 MP: 5/5
     1 | D        | Noticed a siren
     4 | D        | Noticed a hippogriff
     4 | D        | Noticed a hippogriff
     7 | D        | Noticed a brain worm
    10 | D        | Killed a brain worm
    10 | D        | Reached skill level 7 in Stealth
    10 | D        | Reached skill level 5 in Spellcasting
    10 | D        | Reached XP level 2. HP: 13/13 MP: 6/9
    10 | D        | Reached XP level 3. HP: 16/16 MP: 6/10
    14 | D        | Learned a level 2 spell: Ensorcelled Hibernation
    18 | D        | Learned a level 3 spell: Confuse
    22 | D        | Learned a level 3 spell: Tukima's Dance
    26 | D        | Learned a level 3 spell: Dazzling Spray
    26 | D        | Noticed a brain worm
    27 | D        | Killed a brain worm
    27 | D        | Reached skill level 5 in Short Blades
    27 | D        | Reached skill level 5 in Dodging
    27 | D        | Reached skill level 8 in Stealth
    27 | D        | Reached skill level 1 in Conjurations
    27 | D        | Reached skill level 5 in Hexes
    27 | D        | Reached skill level 1 in Ice Magic
    27 | D        | Reached XP level 4. HP: 21/21 MP: 8/13
    28 | D        | Noticed a brain worm
    28 | D        | Noticed a brain worm
    30 | D        | Killed a brain worm
    30 | D        | Reached skill level 9 in Stealth
    30 | D        | Reached XP level 5. HP: 24/24 MP: 10/15
    32 | D        | Killed a brain worm
    32 | D        | Reached skill level 10 in Stealth
    44 | D        | Noticed a necrophage
    44 | D        | Noticed a necrophage
    44 | D        | Noticed a necrophage
    44 | D        | Noticed a necrophage
    51 | D        | Mangled by a siren

Vault maps used:
D:        the_violet_keep_of_menkaure

Action                   |  1- 3 |  4- 6 || total
-------------------------+-------+-------++-------
Melee: Dagger            |     2 |     2 ||     4
 Cast: Ensorcelled Hiber |       |     2 ||     2
 Stab: Sleeping          |     2 |     2 ||     4
